3AAA
PORT ROYAL DISASTER @ HAMILTON COYOTES
08/07/2034
 
TOP OF THE 1ST
Port Royal Disaster batting - Pitching for Hamilton Coyotes : RHP Jesús Garces
Pitching: RHP Jesús Garces
Batting: LHB Ricky Payton 0-0: Called Strike
0-1: Ball
1-1: Foul Ball, location: 2F
1-2: Foul Ball, location: 2F
1-2: Foul Ball, location: 2F
1-2: Strikes out swinging
Batting: SHB Júlio Morín Jr. 0-0: Fly out, F9 (Flyball, 9LD)
Batting: LHB Guillermo Arellano 0-0: Called Strike
0-1: Ball
1-1: Foul Ball, location: 2F
1-2: Strikes out swinging
Top of the 1st over - 0 runs, 0 hits, 0 errors, 0 left on base; Port Royal 0 - Hamilton 0
BOTTOM OF THE 1ST
Hamilton Coyotes batting - Pitching for Port Royal Disaster : RHP Jim Sison
Pitching: RHP Jim Sison
Batting: RHB Zack McLean 0-0: Ball
1-0: Called Strike
1-1: Ball
2-1: Called Strike
2-2: Foul Ball, location: 2F
2-2: Ground out 5-3 (Groundball, 56)
Batting: RHB Júlio Robles 0-0: Swinging Strike
0-1: Ball
1-1: Ball
2-1: Called Strike
2-2: Ball
3-2: Base on Balls
Batting: LHB José Gómez 0-0: Called Strike
Júlio Robles steals 2nd base
0-1: 2-RUN HOME RUN (Flyball, 7LD), Distance : 349 ft
Batting: LHB Scot Willis 0-0: Ball
1-0: Ball
2-0: Ball
3-0: Base on Balls
Batting: RHB Warren Martin 0-0: Fly out, F7 (Flyball, 7LS)
Batting: SHB Martín Marrero 0-0: Called Strike
0-1: SINGLE (Line Drive, 8RS)
Scot Willis to second
Runner from 2nd tries for 3rd, SAFE, no throw
Batting: RHB Pancho Rodríguez 0-0: Called Strike
0-1: Ball
1-1: SINGLE (Groundball, 56D)
Scot Willis scores
Martín Marrero to second
Batting: RHB Vincente Fuentes 0-0: Called Strike
0-1: Ball
1-1: Foul Ball, location: 2F
1-2: Ball
2-2: SINGLE (Line Drive, 8RS)
Martín Marrero to third
Pancho Rodríguez to second
Runner from 3rd tries for Home, SAFE, no throw
Batting: RHB Tomás Bermúdez 0-0: Ball
1-0: Foul Ball, location: 2F
1-1: Ball
2-1: Ball
Pancho Rodríguez steals 3rd base
3-1: Base on Balls
Vincente Fuentes to second
Batting: RHB Zack McLean 0-0: Fly out, F6 (Popup, 6)
Bottom of the 1st over - 4 runs, 4 hits, 0 errors, 3 left on base; Port Royal 0 - Hamilton 4
TOP OF THE 2ND
Port Royal Disaster batting - Pitching for Hamilton Coyotes : RHP Jesús Garces
Batting: RHB John Burton 0-0: Called Strike
0-1: Fly out, F9 (Flyball, 89M)
Batting: RHB Anson Darrah 0-0: Ball
1-0: Foul Ball, location: 2F
1-1: Foul Ball, location: 2F
1-2: Ball
2-2: Ball
3-2: Ground out 4-3 (Groundball, 4)
Batting: RHB Wrangler Haresnape 0-0: Called Strike
0-1: Ball
1-1: Fly out, F7 (Flyball, 7D)
Top of the 2nd over - 0 runs, 0 hits, 0 errors, 0 left on base; Port Royal 0 - Hamilton 4
BOTTOM OF THE 2ND
Hamilton Coyotes batting - Pitching for Port Royal Disaster : RHP Jim Sison
Batting: RHB Júlio Robles 0-0: Ground out 1-3 (Groundball, 15S)
Batting: LHB José Gómez 0-0: Ball
1-0: Ball
2-0: Called Strike
2-1: Swinging Strike
2-2: Foul Ball, location: 2F
2-2: Ball
3-2: Foul Ball, location: 2F
3-2: Base on Balls
Batting: LHB Scot Willis 0-0: Ball
1-0: Foul Ball, location: 2F
1-1: Foul Ball, location: 2F
1-2: Strikes out swinging
Batting: RHB Warren Martin 0-0: Called Strike
0-1: Foul Ball, location: 2F
0-2: Foul Ball, location: 2F
0-2: Strikes out swinging
Bottom of the 2nd over - 0 runs, 0 hits, 0 errors, 1 left on base; Port Royal 0 - Hamilton 4
TOP OF THE 3RD
Port Royal Disaster batting - Pitching for Hamilton Coyotes : RHP Jesús Garces
Batting: RHB Michael Brannon 0-0: Ground out 6-3 (Groundball, 6)
Batting: RHB Richard Cutshall 0-0: Foul Ball, location: 2F
0-1: Foul Ball, location: 2F
0-2: Foul Ball, location: 2F
0-2: Ball
1-2: Ball
2-2: Ball
3-2: Base on Balls
Batting: RHB Steve Bock 0-0: Ball
1-0: SINGLE (Line Drive, 78S)
Richard Cutshall to second
Batting: LHB Ricky Payton 0-0: Ball
Wild Pitch!
Richard Cutshall to third
Steve Bock to second
1-0: Ball
2-0: SINGLE (Line Drive, 56D)
Richard Cutshall scores
Steve Bock to third
Batting: SHB Júlio Morín Jr. 0-0: Ball
1-0: Called Strike
1-1: Called Strike
1-2: Foul Ball, location: 2F
1-2: Ball
2-2: Ball
3-2: Base on Balls
Ricky Payton to second
Batting: LHB Guillermo Arellano 0-0: Ball
1-0: Fly out, F9 (Flyball, 9)
Runner from 3rd tags up, OUT at HOME
Top of the 3rd over - 1 run, 2 hits, 0 errors, 2 left on base; Port Royal 1 - Hamilton 4
BOTTOM OF THE 3RD
Hamilton Coyotes batting - Pitching for Port Royal Disaster : RHP Jim Sison
Batting: SHB Martín Marrero 0-0: Ball
1-0: Foul Ball, location: 2F
1-1: Ball
2-1: Swinging Strike
2-2: Ball
3-2: Fly out, F5 (Popup, 6S)
Batting: RHB Pancho Rodríguez 0-0: Ball
1-0: Called Strike
1-1: Fly out, F9 (Flyball, 89S)
Batting: RHB Vincente Fuentes 0-0: Ball
1-0: Called Strike
1-1: Swinging Strike
1-2: Strikes out swinging
Bottom of the 3rd over - 0 runs, 0 hits, 0 errors, 0 left on base; Port Royal 1 - Hamilton 4
TOP OF THE 4TH
Port Royal Disaster batting - Pitching for Hamilton Coyotes : RHP Jesús Garces
Batting: RHB John Burton 0-0: Called Strike
0-1: Fly out, F7 (Line Drive, 7)
Batting: RHB Anson Darrah 0-0: Ground out U3 (Groundball, 34S)
Batting: RHB Wrangler Haresnape 0-0: Called Strike
0-1: Called Strike
0-2: Ball
1-2: Ground out 5-3 (Groundball, 56S)
Top of the 4th over - 0 runs, 0 hits, 0 errors, 0 left on base; Port Royal 1 - Hamilton 4
BOTTOM OF THE 4TH
Hamilton Coyotes batting - Pitching for Port Royal Disaster : RHP Jim Sison
Batting: RHB Tomás Bermúdez 0-0: Ground out 5-3 (Groundball, 5)
Batting: RHB Zack McLean 0-0: Called Strike
0-1: SINGLE (Groundball, 6MD)
Batting: RHB Júlio Robles 0-0: Foul Ball, location: 2F
0-1: Called Strike
Zack McLean steals 2nd base
0-2: Ball
1-2: Ball
2-2: Fly out, F4 (Line Drive, 4)
Batting: LHB José Gómez 0-0: Called Strike
0-1: Called Strike
0-2: Ball
1-2: Fly out, F7 (Flyball, 7)
Bottom of the 4th over - 0 runs, 1 hit, 0 errors, 1 left on base; Port Royal 1 - Hamilton 4
TOP OF THE 5TH
Port Royal Disaster batting - Pitching for Hamilton Coyotes : RHP Jesús Garces
Batting: RHB Michael Brannon 0-0: Foul Ball, location: 2F
0-1: Ball
1-1: Ball
2-1: Ball
3-1: Base on Balls
Batting: RHB Richard Cutshall 0-0: SINGLE (Flyball, 8LS)
Michael Brannon to second
Michael Brannon to third
Batting: RHB Steve Bock 0-0: Called Strike
0-1: Foul Ball, location: 2F
0-2: Foul Ball, location: 2F
0-2: Fly out, F7 (Flyball, 78S)
Runner from 3rd tags up, SCORES, no throw
Batting: LHB Ricky Payton 0-0: Ball
1-0: Called Strike
1-1: Foul Ball, location: 2F
1-2: Foul Ball, location: 2F
1-2: Ball
2-2: Ball
3-2: Foul Ball, location: 2F
3-2: SINGLE (Groundball, 34D)
Richard Cutshall to second
Runner from 2nd tries for 3rd, SAFE, no throw
Batting: SHB Júlio Morín Jr. 0-0: Ball
Ricky Payton is caught stealing 2nd base
1-0: Hit by Pitch
Batting: LHB Guillermo Arellano 0-0: Ball
1-0: Called Strike
1-1: Foul Ball, location: 2F
1-2: Foul Ball, location: 2F
1-2: Ground out 4-3 (Groundball, 4D)
Top of the 5th over - 1 run, 2 hits, 0 errors, 2 left on base; Port Royal 2 - Hamilton 4
BOTTOM OF THE 5TH
Hamilton Coyotes batting - Pitching for Port Royal Disaster : RHP Jim Sison
Batting: LHB Scot Willis 0-0: Ground out 1-3 (Groundball, 15S)
Batting: RHB Warren Martin 0-0: Ground out U3 (Groundball, 34)
Batting: SHB Martín Marrero 0-0: Ball
1-0: Ball
2-0: Ball
3-0: Called Strike
3-1: Base on Balls
Batting: RHB Pancho Rodríguez 0-0: Called Strike
0-1: Ball
1-1: Swinging Strike
1-2: Ball
2-2: Ball
3-2: Fly out, F7 (Flyball, 7LMF)
Bottom of the 5th over - 0 runs, 0 hits, 0 errors, 1 left on base; Port Royal 2 - Hamilton 4
TOP OF THE 6TH
Port Royal Disaster batting - Pitching for Hamilton Coyotes : RHP Jesús Garces
Batting: RHB John Burton 0-0: Ball
1-0: Called Strike
1-1: Ball
2-1: Swinging Strike
2-2: Strikes out swinging
Pitching: RHP Octávio Moya
Batting: RHB Anson Darrah 0-0: Called Strike
0-1: Reached on error, E5 (Groundball, 5)
Batting: RHB Wrangler Haresnape 0-0: Ball
Balk!
Anson Darrah to second
1-0: Fly out, F7 (Flyball, 7S)
Batting: RHB Michael Brannon 0-0: Called Strike
0-1: Ball
1-1: Fly out, F6 (Popup, 6MD)
Top of the 6th over - 0 runs, 0 hits, 1 error, 1 left on base; Port Royal 2 - Hamilton 4
BOTTOM OF THE 6TH
Hamilton Coyotes batting - Pitching for Port Royal Disaster : RHP Jim Sison
Batting: RHB Vincente Fuentes 0-0: Ball
1-0: Ground out 5-3 (Groundball, 56S)
Batting: RHB Tomás Bermúdez 0-0: Ground out 5-3 (Groundball, 56S)
Batting: RHB Zack McLean 0-0: Ball
1-0: Swinging Strike
1-1: Fly out, F9 (Flyball, 9S)
Bottom of the 6th over - 0 runs, 0 hits, 0 errors, 0 left on base; Port Royal 2 - Hamilton 4
TOP OF THE 7TH
Port Royal Disaster batting - Pitching for Hamilton Coyotes : RHP Octávio Moya
Batting: RHB Richard Cutshall 0-0: Ground out 5-3 (Groundball, 5)
Batting: RHB Steve Bock 0-0: Ball
1-0: Ball
2-0: Called Strike
2-1: Foul Ball, location: 2F
2-2: Strikes out looking
Batting: LHB Ricky Payton 0-0: SINGLE (Groundball, 34S) (infield hit)
Batting: SHB Júlio Morín Jr. 0-0: Ball
1-0: Ball
2-0: Ball
3-0: Base on Balls
Ricky Payton to second
Batting: LHB Guillermo Arellano 0-0: Called Strike
0-1: Ball
1-1: Swinging Strike
1-2: Strikes out swinging
Top of the 7th over - 0 runs, 1 hit, 0 errors, 2 left on base; Port Royal 2 - Hamilton 4
BOTTOM OF THE 7TH
Hamilton Coyotes batting - Pitching for Port Royal Disaster : RHP Jim Sison
Batting: RHB Júlio Robles 0-0: Ball
1-0: Ball
2-0: Called Strike
2-1: Foul Ball, location: 2F
2-2: Foul Ball, location: 2F
2-2: Foul Ball, location: 2F
2-2: Ball
3-2: Fly out, F6 (Line Drive, 6)
Pitching: LHP Magnus Scheving
Batting: LHB José Gómez 0-0: Ball
1-0: Called Strike
1-1: SINGLE (Groundball, 6MD)
Batting: LHB Scot Willis 0-0: Called Strike
0-1: Ball
1-1: Ball
2-1: Foul Ball, location: 2F
2-2: Fielders Choice at 2nd, 6-4 (Groundball, 6)
Batting: RHB Warren Martin 0-0: Called Strike
0-1: Ball
1-1: Foul Ball, location: 2F
1-2: Ball
2-2: Ball
3-2: Fly out, F9 (Flyball, 9)
Bottom of the 7th over - 0 runs, 1 hit, 0 errors, 1 left on base; Port Royal 2 - Hamilton 4
TOP OF THE 8TH
Port Royal Disaster batting - Pitching for Hamilton Coyotes : RHP Octávio Moya
Now in CF: Gerald Mills
Batting: RHB John Burton 0-0: Called Strike
0-1: Fly out, F4 (Line Drive, 4MS)
Batting: RHB Anson Darrah 0-0: Ball
1-0: Called Strike
1-1: Foul Ball, location: 2F
1-2: Foul Ball, location: 2F
1-2: Strikes out looking
Batting: RHB Wrangler Haresnape 0-0: Swinging Strike
0-1: Swinging Strike
0-2: Ground out 5-3 (Groundball, 56S)
Top of the 8th over - 0 runs, 0 hits, 0 errors, 0 left on base; Port Royal 2 - Hamilton 4
BOTTOM OF THE 8TH
Hamilton Coyotes batting - Pitching for Port Royal Disaster : LHP Magnus Scheving
Batting: SHB Martín Marrero 0-0: Ball
1-0: Called Strike
1-1: Foul Ball, location: 2F
1-2: Ball
2-2: Ground out 6-3 (Groundball, 6S)
Batting: RHB Pancho Rodríguez 0-0: Ball
1-0: Called Strike
1-1: Swinging Strike
1-2: Ball
2-2: Ball
3-2: Base on Balls
Batting: RHB Vincente Fuentes 0-0: Ball
1-0: Ball
Pancho Rodríguez steals 2nd base
2-0: Intentional Walk
Batting: RHB Tomás Bermúdez 0-0: Swinging Strike
0-1: Foul Ball, location: 2F
0-2: Strikes out swinging
Batting: RHB Zack McLean 0-0: Ball
1-0: Foul Ball, location: 2F
1-1: Fly out, F9 (Flyball, 9S)
Bottom of the 8th over - 0 runs, 0 hits, 0 errors, 2 left on base; Port Royal 2 - Hamilton 4
TOP OF THE 9TH
Port Royal Disaster batting - Pitching for Hamilton Coyotes : RHP Octávio Moya
Pitching: RHP Hansky Paillant
Batting: RHB Michael Brannon 0-0: Ball
1-0: Foul Ball, location: 2F
1-1: Swinging Strike
1-2: Ball
2-2: Strikes out swinging
Batting: RHB Richard Cutshall 0-0: Foul Ball, location: 2F
0-1: Swinging Strike
0-2: Ball
1-2: Ball
2-2: Ball
3-2: SINGLE (Groundball, 34D)
Batting: RHB Steve Bock 0-0: Ball
1-0: Ball
Passed Ball!
Richard Cutshall to second
2-0: Ball
3-0: Base on Balls
Batting: LHB Ricky Payton 0-0: Fielders Choice at 2nd, 6-4 (Groundball, 6D)
Richard Cutshall to third
Batting: SHB Júlio Morín Jr. 0-0: Called Strike
0-1: Called Strike
0-2: Foul Ball, location: 2F
0-2: Strikes out swinging
Top of the 9th over - 0 runs, 1 hit, 0 errors, 2 left on base; Port Royal 2 - Hamilton 4
Friday, March 29th, 2019 - OOTP Baseball 18.8 Build 76